 Dungeon Crawl Stone Soup version 0.28-a0-861-ge64d6db94f (webtiles) character file.

Game seed: 10860731829832291184

5 senseless the Sneak (level 1, -4/14 HPs)
             Began as a Demigod Enchanter on Nov 15, 2021.
             Slain by a gnoll (5 damage)
             ... on level 1 of the Dungeon.
             The game lasted 00:01:25 (831 turns).

senseless the Sneak (Demigod Enchanter)              Turns: 831, Time: 00:01:25

Health: -4/14      AC:  2    Str:  9    XL:     1   Next: 53%
Magic:  0/5        EV: 12    Int: 17    God:
Gold:   33         SH:  0    Dex: 14    Spells: 3/3 levels left

rFire   . . .      SeeInvis .   a - +1 dagger
rCold   . . .      Faith    .   (no shield)
rNeg    . . .      Spirit   +   b - +0 robe
rPois   .          Reflect  .   (no helmet)
rElec   .          Harm     .   (no cloak)
rCorr   .          Rampage  .   (no gloves)
Will    .....                   (no boots)
Stlth   ++........              d - amulet of guardian spirit
HPRegen 0.04/turn               (no ring)
MPRegen 0.09/turn               (no ring)

@: no status effects
A: high mp 1, forlorn
a: no special abilities


You were on level 1 of the Dungeon.
You visited 1 branch of the dungeon, and saw 2 of its levels.

You collected 33 gold pieces.

Inventory:

Hand Weapons
 a - a +1 dagger (weapon)
Missiles
 f - 14 poisoned darts (quivered)
Armour
 b - a +0 robe (worn)
Jewellery
 d - an amulet of guardian spirit (around neck)
Scrolls
 h - 2 scrolls of teleportation
 i - a scroll of noise {unknown}
Potions
 c - a potion of invisibility
 e - 2 potions of heal wounds {unknown}
 g - a potion of curing {unknown}


   Skills:
 + Level 0.8 Short Blades
 + Level 1.8 Dodging
 + Level 2.8 Stealth
 + Level 1.8 Spellcasting
 + Level 2.8 Hexes


You had 3 spell levels left.
You didn't know any spells.
Your spell library contained the following spells:

 Spells                   Type           Power      Damage    Failure   Level
 Ensorcelled Hibernation  Hex/Ice        12%        N/A       17%         2
 Confusing Touch          Hex            11%        N/A       19%         3
 Tukima's Dance           Hex            11%        N/A       19%         3
 Dazzling Flash           Conj/Hex       12%        N/A       32%         3


Dungeon Overview and Level Annotations

Branches:
Dungeon (2/15)


Innate Abilities, Weirdness & Mutations

Your attributes grow dramatically as you level up.
You have an increased reservoir of magic. (+10% MP)
You shall have no god before yourself.


Message History

A gnoll comes into view. It is wielding a +0 halberd.
You throw a poisoned dart.
The poisoned dart barely misses the gnoll.
The gnoll shouts!
You hear a shout!
You throw a poisoned dart.
The poisoned dart closely misses the gnoll.
A gnoll comes into view. It is wielding a +0 whip.
You throw a poisoned dart. The poisoned dart hits the gnoll.
The gnoll barely misses you. The gnoll hits you with a +0 whip.
The gnoll misses you.
You climb upwards.
There is a stone staircase leading down here.
You hit the gnoll.
The gnoll is lightly wounded.
The gnoll barely misses you.
You barely miss the gnoll.
The gnoll is lightly wounded.
The gnoll hits you with a +0 whip.
You hit the gnoll.
The gnoll is moderately wounded.
The gnoll hits you with a +0 whip.
* * * LOW HITPOINT WARNING * * *
You are too injured to fight recklessly!
You hit the gnoll.
The gnoll is moderately wounded.
The gnoll closely misses you.
You barely miss the gnoll.
The gnoll is moderately wounded.
The gnoll hits you with a +0 whip.
You hit the gnoll but do no damage.
The gnoll is moderately wounded.
The gnoll barely misses you.
You barely miss the gnoll.
The gnoll is moderately wounded.
The gnoll hits you with a +0 whip.
* * * LOW HITPOINT WARNING * * *
You barely miss the gnoll.
The gnoll is moderately wounded.
The gnoll hits you with a +0 whip.
You die...

##.###.#.#.####....
#.............#....
#..###.#.#.##.#....
#..#.....#.##.#....
##########..#.#.###.##.#....
#...........#.#.###.##.#####
##.########.#.#.#...##.# #.#
#g#.#......#.##### #.#
#@................ #.#
#.#.###.##.#.##### #.#
#................. #.#
###.##..#..#####.. #.#
#.##.....#.###.. #.#
#.##.##..#......
#.##########.##.##..#.###..
#...##........#.##..#.# ###
#.#.##.########.##....#


You could see a gnoll.

Vanquished Creatures
  A hobgoblin (D:1)
  A bat (D:1)
  3 frilled lizards (D:1)
  2 kobolds (D:1)
7 creatures vanquished.

Notes
Turn   | Place    | Note
-------+----------+-------------------------------------------
     0 | D:1      | senseless the Demigod Enchanter began the quest for the
                  | Orb.
     0 | D:1      | Reached XP level 1. HP: 14/14 MP: 5/5
   831 | D:1      | Slain by a gnoll

Illustrated notes

Levels and vault maps discovered:
D:1:      ncdulo_smallfort, layout_basic, basic_ecumenical_altar
D:2:      layout_loops_ring, uniq_jessica

Action                   || total
-------------------------++-------
Melee: Dagger            ||    23
Throw: Dart              ||     4
  Use: Scroll            ||     1
 Stab: Sleeping          ||     3
Armor: Robe              ||     4
Dodge: Dodged            ||    10

Table legend: (Time is in decaauts)
 A = Elapsed time spent in this place.
 B = Non-inter-level travel time spent in this place.
 C = Inter-level travel time spent in this place.
 D = Time resting spent in this place.
 E = Time spent auto-exploring this place.
 F = Levels seen in this place.
 G = Mean time per level.
                   A        B        C        D        E       F      G
               +--------+--------+--------+--------+--------+-----+--------+
         Total |    830 |    814 |     16 |      0 |    723 |   2 |  415.0 |
       Dungeon |    830 |    814 |     16 |      0 |    723 |   2 |  415.0 |
               +--------+--------+--------+--------+--------+-----+--------+

Top non-repeatable levels by time:
     D:1: 824 daAuts
     D:2: 5 daAuts
